 Dungeon Crawl Stone Soup version 0.30-a0-964-gd452b5e7fa (webtiles) character file.

Game seed: 1528442601809110087

801 vishdafish the Conjurer (level 7, 0/48 HPs)
             Began as a Demonspawn Conjurer on Mar 30, 2023.
             Slain by a killer bee (3 damage)
             ... in the Ecumenical Temple.
             The game lasted 00:09:31 (4621 turns).

vishdafish the Conjurer (Demonspawn Conjurer)       Turns: 4621, Time: 00:09:32

Health: 0/48       AC:  5    Str:  8 (11) XL:     7   Next: 59%
Magic:  0/15       EV: 11    Int: 19 (21) God:
Gold:   250        SH:  0    Dex:  7 (9)  Spells: 8/17 levels left

rFire   + . .      SeeInvis .    o - +1 sling (drain)
rCold   + + .      Faith    .    (no shield)
rNeg    . . .      Spirit   +    r - +1 robe "Ogiur" {Str+3}
rPois   .          Reflect  .    (helmet restricted)
rElec   .          Rampage  .    (no cloak)
rCorr   .                        (no gloves)
Will    .....                    (no boots)
Stlth   +                        (no amulet)
HPRegen 0.28/turn                d - ring of protection from cold
MPRegen 0.28/turn                n - ring of protection from fire

@: brilliant, lethally poisoned (0 -> -3), flying, very slightly contaminated
A: antennae 2, rugged brown scales 2, magic shield, magic regeneration, clumsy
1, cold resistance 1, evolution 1
a: no special abilities


You were in the Ecumenical Temple.
You visited 2 branches of the dungeon, and saw 8 of its levels.

You collected 380 gold pieces.
You spent 130 gold pieces at shops.

Inventory:

Hand Weapons
 e - a +0 short sword
 o - a +1 sling of draining (weapon)
Armour
 a - a +0 robe
 m - a +0 helmet
 r - the +1 robe "Ogiur" (worn) {Str+3}
   (You found it on level 3 of the Dungeon)

   Str:       It affects your strength (+3).
Magical Staves
 y - the staff of death "Junilaunn" {*Corrode rC+ rN+ Str+5}
   (You found it on level 8 of the Dungeon)

   [staff of death]

   Base accuracy: +5 Base damage: 5 Base attack delay: 1.2 This weapon's minimum
   attack delay (0.6) is reached at skill level 12.
   Str:       It affects your strength (+5).
   rC:        It protects you from cold.
   rN:        It protects you from negative energy.
   *Corrode:  It may corrode you when you take damage.
   It falls into the 'Staves' category.
   It is a one-handed weapon.
Jewellery
 d - a ring of protection from cold (left hand)
 n - a ring of protection from fire (right hand)
 u - a ring of positive energy
Wands
 C - a wand of charming (7)
Scrolls
 b - 4 scrolls of teleportation
 g - 5 scrolls of identify
 i - 2 scrolls of poison {unknown}
 j - a scroll of enchant weapon {unknown}
 k - 2 scrolls of fear {unknown}
 p - 2 scrolls of silence {unknown}
 q - a scroll of magic mapping {unknown}
 v - a scroll of torment {unknown}
 w - a scroll of immolation {unknown}
 B - a scroll of noise {unknown}
Potions
 c - a potion of degeneration
 h - a potion of haste {unknown}
 l - a potion of flight
 s - a potion of resistance {unknown}
 t - a potion of might {unknown}
 A - a potion of brilliance
Miscellaneous
 z - a box of beasts (inert)


   Skills:
 - Level 1.7 Dodging
 - Level 1.7 Stealth
 + Level 5.8 Spellcasting
 + Level 7.2 Conjurations


You had 8 spell levels left.
You knew the following spells:

 Your Spells              Type           Power      Damage    Failure   Level
a - Magic Dart            Conj           100%       1d8       1%          1
b - Fulminant Prism       Conj/Hex       14%        3d9       26%         4
c - Iskenderun's Mystic   Conj/Tloc      29%        2d7       26%         4

Your spell library contained the following spells:

 Spells                   Type           Power      Damage    Failure   Level
 Searing Ray              Conj           98%        2d8       1%          2
 Static Discharge         Conj/Air       58%        2-5/arc   3%          2
 Dazzling Flash           Conj/Hex       58%        N/A       8%          3
 Apportation              Tloc           16%        N/A       12%         1
 Necrotise                Necr           32%        1d5       12%         1
 Summon Small Mammal      Summ           32%        N/A       12%         1
 Portal Projectile        Hex/Tloc       16%        N/A       34%         3
 Tukima's Dance           Hex            8%         N/A       34%         3
 Vhi's Electric Charge    Tloc/Air       16%        N/A       34%         3
 Arcjolt                  Conj/Air       14%        1d24      56%         5
 Blade Hands              Tmut           4%         N/A       97%         5
 Plasma Beam              Fire/Air       4%         2x1d10    97%         5


Dungeon Overview and Level Annotations

Branches:
Dungeon (8/15)             Temple (1/1) D:7
   Lair: D:8-11

Altars:
Ashenzari
Dithmenos
Fedhas
Kikubaaqudgha
Makhleb
Okawaru
Qazlal
Trog
Wu Jian
Xom
Yredelemnul

Shops:
D:4 :   D:5 *:


Innate Abilities, Weirdness & Mutations

You have a pair of antennae on your head.
You are mostly covered in rugged brown scales. (AC +2, +5% HP)
When hurt, damage is shared between your health and your magic reserves.
You regenerate magic rapidly.
You are clumsy. (Dex -2)
Your flesh is cold resistant. (rC+)
You have hidden genetic potential.


Message History

The killer bee barely misses you.
Okay, then.
Okay, then.
Okay, then.
Okay, then.
As you read the scroll of teleportation, it crumbles to dust.
You feel strangely unstable.
You feel very sick. The killer bee completely misses you.
The killer bee closely misses you. The orc hits you with a +0 club.
The killer bee barely misses you. The killer bee closely misses you.
It was a potion of flight.
You feel very buoyant.
You fly up into the air.
You feel very sick. The killer bee closely misses you.
The killer bee stings you. The orc misses you.
The killer bee closely misses you. The killer bee barely misses you.
It was a potion of degeneration.
There was something very wrong with that liquid.
You feel weakened.
You feel dopey.
You feel clumsy.
Your surroundings seem slightly different.
You feel sick.
You open the lid... ...and a larval weirdbat beast flies out!
The box is emptied!
You feel sick. The killer bee stings you.
* * * LOW HITPOINT WARNING * * *
It was a potion of mutation.
You feel extremely strange.
You feel resistant to cold.
You feel clumsy.
You feel a hidden potential growing inside you.
You feel sick. The killer bee stings you.
* * * LOW HITPOINT WARNING * * *
The killer bee stings you.
* * * LOW HITPOINT WARNING * * *
The killer bee barely misses you.
It was a potion of brilliance.
You feel clever all of a sudden.
* * * LOW HITPOINT WARNING * * *
You feel sick. The killer bee stings you.
You die...

#############
#§§§#⌠.⌠#§§§#
#§§§#.<.#§§§#
##§§§#†.⌠#§§§##
##§§§§#..o#§§§§#
#§§§§§#⌠.⌠#§§§§§
##§§§§##y..##§§§§
#§§§§##@y.H_##§§§
#§§§##.......##§§
#§§§#_......._#§§
#§§§#...._....#§§
#§§§#_......._#§§
##§§##.......##§§
#.§§##_..._##§§§
##§§§##...##§§§#
##§.§##_##§§§##


You could see 2 killer bees, an orc and a friendly larval weirdbat beast
(summoned, wandering).

Vanquished Creatures
  An ogre (D:5)
  A kobold brigand (D:7)
  6 killer bees
  3 hounds (D:4)
  2 orc priests
  2 iguanas
  An orc wizard (D:5)
  Robin (D:2)
  5 adders
  2 ufetubi (D:4)
  A worm (D:4)
  7 orcs
  2 bats
  5 endoplasms
  A giant cockroach (D:1)
  16 goblins
  13 hobgoblins
  3 jackals (D:3)
  10 kobolds
  A quokka (D:3)
  4 ball pythons
  2 frilled lizards
  6 rats
95 creatures vanquished.

Notes
Turn   | Place    | Note
-------+----------+-------------------------------------------
     0 | D:1      | vishdafish the Demonspawn Conjurer began the quest for the
                  | Orb.
     0 | D:1      | Reached XP level 1. HP: 13/13 MP: 3/3
   179 | D:1      | Gained mutation: You are partially covered in rugged brown
                  | scales. (AC +1, +3% HP) [demonic ancestry]
   179 | D:1      | Reached XP level 2. HP: 10/19 MP: 1/5
  1294 | D:2      | Noticed Robin
  1353 | D:2      | Killed Robin
  1354 | D:2      | Gained mutation: You are mostly covered in rugged brown
                  | scales. (AC +2, +5% HP) [demonic ancestry]
  1354 | D:2      | Reached XP level 3. HP: 12/25 MP: 0/7
  1518 | D:2      | Found a shadowy altar of Dithmenos.
  2082 | D:3      | Reached skill level 5 in Conjurations
  2082 | D:3      | Gained mutation: You regenerate magic rapidly. [demonic
                  | ancestry]
  2082 | D:3      | Reached XP level 4. HP: 31/31 MP: 8/8
  2089 | D:3      | Identified the +1 robe "Ogiur" {Str+3}
  2171 | D:3      | Found a shadowy altar of Dithmenos.
  2413 | D:4      | Gained mutation: When hurt, damage is shared between your
                  | health and your magic reserves. [demonic ancestry]
  2413 | D:4      | Reached XP level 5. HP: 36/36 MP: 5/10
  2503 | D:4      | Learned a level 4 spell: Fulminant Prism
  2508 | D:4      | Learned a level 4 spell: Iskenderun's Mystic Blast
  2644 | D:4      | Found an iron altar of Okawaru.
  3127 | D:4      | Found Zekkujef's Self-Improvement Boutique.
  3570 | D:5      | Entered Level 5 of the Dungeon
  3590 | D:4      | Gained mutation: You have a pair of small antennae on your
                  | head. [demonic ancestry]
  3590 | D:4      | Reached XP level 6. HP: 41/43 MP: 5/12
  3661 | D:5      | Reached skill level 6 in Conjurations
  3877 | D:5      | Found Mudghij's General Store.
  3886 | D:5      | Bought a scroll of identify for 26 gold pieces
  3886 | D:5      | Bought a scroll of teleportation for 39 gold pieces
  3886 | D:5      | Bought a potion of heal wounds for 65 gold pieces
  3897 | D:5      | Reached skill level 5 in Spellcasting
  3913 | D:5      | Found Zephyhet's Book Shop.
  3938 | D:5      | You fall into a shaft and drop 3 floors!
  3985 | D:8      | Found a basalt altar of Yredelemnul.
  4020 | D:8      | Gained mutation: You have a pair of antennae on your head.
                  | [demonic ancestry]
  4020 | D:8      | Reached XP level 7. HP: 33/48 MP: 1/14
  4136 | D:8      | Identified the staff of death "Junilaunn" {*Corrode rC+ rN+
                  | Str+5}
  4268 | D:8      | Reached skill level 7 in Conjurations
  4373 | D:7      | Found a staircase to the Ecumenical Temple.
  4380 | Temple   | Entered the Ecumenical Temple
  4620 | Temple   | Gained mutation: Your flesh is cold resistant. (rC+)
                  | [potion of mutation]
  4620 | Temple   | Gained mutation: You are clumsy. (Dex -2) [potion of
                  | mutation]
  4620 | Temple   | Gained mutation: You have hidden genetic potential. [potion
                  | of mutation]
  4621 | Temple   | Slain by a killer bee

Illustrated notes

Levels and vault maps discovered:
D:1:      tarquinn_simple_flora_water_a, layout_basic
D:2:      layout_basic, basic_altar, dk_noncrumbling_3, st_stairs_13,
          minivault_19, uniq_robin
D:3:      layout_rooms, nicolae_dithmenos_the_darkroom, st_stairs_14
D:4:      cheibrodos_greedy_goblins, layout_loops_corners,
          hellmonk_okawaru_the_only_friend_you_need, hangedman_decor_points,
          minmay_door_square, st_stairs_11, ebering_dispersal_statue_hall,
          nicolae_shop_self_help
D:5:      layout_rooms, serial_shops, nicolae_shop_crystal,
          nicolae_shop_bloodbath_and_beyond, shop, nicolae_lakefront_shop,
          kennysheep_mini_moat, minmay_bent
D:7:      layout_cave_pools, mainiacjoe_overflow_small_starburst,
          minmay_temple_entry_ruins
D:8:      layout_basic, kennysheep_ying_yang, nicolae_shop_fire_sale
          [nicolae_sub_dead_trees], minivault_10, uniq_pikel
Temple:   hellmonk_temple_rainy

Skill      XL: |  1  2  3  4  5  6  7 |
---------------+----------------------+-----
Spellcasting   | 3 4 5 |  5.8
Conjurations   | 5 6 7 |  7.2
Dodging        | |  1.7
Stealth        | |  1.7

Action                     |  1- 3 |  4- 6 |  7- 9 || total
---------------------------+-------+-------+-------++-------
  Melee: Unarmed           |    12 |       |       ||    12
         Short sword       |    12 |       |       ||    12
         Punch             |     1 |       |       ||     1
         Sling             |       |     2 |       ||     2
   Fire: Sling             |    39 |   124 |     2 ||   165
   Cast: Magic Dart        |    47 |    76 |    34 ||   157
         Iskenderun's Myst |       |     2 |     1 ||     3
  Evoke: Box of beasts     |       |       |     1 ||     1
    Use: Potion            |     1 |       |     5 ||     6
         Scroll            |       |     2 |     1 ||     3
 Armour: Robe              |    15 |    63 |     8 ||    86
  Dodge: Dodged            |    30 |   109 |    39 ||   178

Table legend: (Time is in decaauts)
 A = Elapsed time spent in this place.
 B = Non-inter-level travel time spent in this place.
 C = Inter-level travel time spent in this place.
 D = Time resting spent in this place.
 E = Time spent auto-exploring this place.
 F = Levels seen in this place.
 G = Mean time per level.
                   A        B        C        D        E       F      G
               +--------+--------+--------+--------+--------+-----+--------+
         Total |   4698 |   4511 |    187 |     55 |   3597 |   8 |  587.2 |
       Dungeon |   4513 |   4326 |    187 |     27 |   3480 |   7 |  644.7 |
        Temple |    184 |    184 |      0 |     28 |    117 |   1 |  184.0 |
               +--------+--------+--------+--------+--------+-----+--------+

Top non-repeatable levels by time:
     D:4: 1297 daAuts
     D:2: 1220 daAuts
     D:1: 671 daAuts
     D:3: 511 daAuts
     D:8: 425 daAuts
     D:5: 304 daAuts
  Temple: 184 daAuts
     D:7: 82 daAuts
